 Dungeon Crawl Stone Soup version 0.21.1-1-g345015f (webtiles) character file.

196 tidbits the Insei (level 5, 0/41 HPs)
             Began as a Gnoll Transmuter on Feb 19, 2018.
             Succumbed to a killer bee's poison
             ... on level 7 of the Dungeon.
             The game lasted 00:05:56 (672 turns).

tidbits the Insei (Gnoll Transmuter)                 Turns: 672, Time: 00:05:57

Health: 0/41       AC:  2    Str: 12    XL:     5   Next: 74%
Magic:  21/21      EV: 15    Int: 17    God:
Gold:   67         SH:  0    Dex: 15    Spells: 8/14 levels left

rFire    + . .     SeeInvis .   d - 5 rations
rCold    . . .     Gourm    +   (no shield)
rNeg     . . .     Faith    .   b - +0 robe
rPois    .         Spirit   .   (no helmet)
rElec    .         Reflect  .   (no cloak)
rCorr    .         Harm     .   (no gloves)
MR       .....                  (no boots)
Stlth    ++........             u - amulet of the gourmand
HPRegen  0.13/turn              i - ring of magical power
MPRegen  0.17/turn              r - ring of protection from fire

@: lethally poisoned (0 -> -2)
A: distributed training, fangs 1, strong nose
a: no special abilities


You were on level 7 of the Dungeon.
You were not hungry.

You visited 1 branch of the dungeon, and saw 6 of its levels.

You collected 67 gold pieces.

Inventory:

Hand Weapons
 k - a +0 dagger
 q - a +0 hunting sling
Missiles
 a - 50 arrows
 g - 39 stones (quivered)
 m - 6 javelins
Armour
 b - a +0 robe (worn)
 j - a +0 ring mail
Jewellery
 i - a ring of magical power (left hand)
   (You found it on level 1 of the Dungeon)
 r - a ring of protection from fire (right hand)
   (You took it off a goblin on level 3 of the Dungeon)
 u - an amulet of the gourmand (around neck)
   (You found it on level 7 of the Dungeon)
Scrolls
 f - a scroll of enchant weapon {unknown}
 h - a scroll of enchant armour {unknown}
 n - a scroll of random uselessness {unknown}
 o - a scroll of fear {unknown}
 s - a scroll of fog
 t - 2 scrolls of remove curse
Books
 c - a book of Changes

   Spells                             Type                      Level
   a - Beastly Appendage              Transmutation                1
   b - Sticks to Snakes               Transmutation                2
   c - Spider Form                    Transmutation/Poison         3
   d - Ice Form                       Ice/Transmutation            4
   e - Blade Hands                    Transmutation                5
Comestibles
 d - 5 rations (in hand)


   Skills:
 + Level 3.0 Fighting
 + Level 1.6 Short Blades
 + Level 1.6 Long Blades
 + Level 1.6 Axes
 + Level 1.6 Maces & Flails
 + Level 1.6 Polearms
 + Level 1.6 Staves
 + Level 1.6 Slings
 + Level 1.6 Bows
 + Level 1.6 Crossbows
 + Level 1.6 Throwing
 + Level 1.6 Armour
 + Level 4.8 Dodging
 + Level 1.6 Stealth
 + Level 1.6 Shields
 + Level 6.7 Unarmed Combat
 + Level 5.2 Spellcasting
 + Level 1.2 Conjurations
 + Level 1.2 Hexes
 + Level 1.2 Charms
 + Level 1.2 Summonings
 + Level 1.2 Necromancy
 + Level 1.2 Translocations
 + Level 4.0 Transmutations
 + Level 1.2 Fire Magic
 + Level 1.2 Ice Magic
 + Level 1.2 Air Magic
 + Level 1.2 Earth Magic
 + Level 1.2 Poison Magic
 + Level 1.8 Invocations
 + Level 1.6 Evocations


You had 8 spell levels left.
You knew the following spells:

 Your Spells              Type           Power        Failure   Level  Hunger
e - Beastly Appendage     Tmut           ###...       2%          1    None
k - Sticks to Snakes      Tmut           ###.....     4%          2    #......
p - Spider Form           Tmut/Pois      ##........   14%         3    ###....


Dungeon Overview and Level Annotations

Branches:
Dungeon (8/15)
 Temple: D:4-7         Lair: D:8-11

Altars:


Innate Abilities, Weirdness & Mutations

Your experience applies equally to all skills.
You have very sharp teeth.
Your uncanny sense of smell can sniff out nearby items.


Message History

The killer bee misses you.
You hit the killer bee.
The killer bee is severely wounded.
The killer bee closely misses you. The killer bee stings you.
* * * LOW HITPOINT WARNING * * *
You bite the killer bee!
You kill the killer bee!
You feel your strength returning.
You feel your intelligence returning.
Your Conjurations skill increases to level 1!
Your Hexes skill increases to level 1!
Your Charms skill increases to level 1!
Your Summonings skill increases to level 1!
Your Necromancy skill increases to level 1!
Your Translocations skill increases to level 1!
Your Fire Magic skill increases to level 1!
Your Ice Magic skill increases to level 1!
Your Air Magic skill increases to level 1!
Your Earth Magic skill increases to level 1!
Your Poison Magic skill increases to level 1!
The killer bee barely misses you.
You hit the killer bee.
The killer bee is moderately wounded.
The killer bee misses you. The killer bee completely misses you.
You closely miss the killer bee.
The killer bee is moderately wounded.
The killer bee misses you. The killer bee barely misses you.
You hit the killer bee.
The killer bee is poisoned.
The killer bee is moderately wounded.
The killer bee stings you but does no damage.
You hit the killer bee.
You kill the killer bee!
You feel your strength returning.
You feel your dexterity returning.
You have reached level 5!
The killer bee completely misses you.
You barely miss the killer bee.
The killer bee completely misses you. x2
You hit the killer bee but do no damage.
The killer bee is poisoned.
The killer bee completely misses you.
You bite the killer bee!
The killer bee looks as sick as possible!
The killer bee is heavily wounded.
The killer bee stings you.
* * * LOW HITPOINT WARNING * * *
You are lethally poisoned!
The killer bee poisons you! The killer bee closely misses you.
You bite the killer bee!
You kill the killer bee!
You feel your strength returning.
Your Fighting skill increases to level 3!
Your Transmutations skill increases to level 4!
* * * LOW HITPOINT WARNING * * *
You feel sick.
* * * LOW HITPOINT WARNING * * *
You feel sick.
Items here: ) †††† a club; a killer bee corpse x3; an orc corpse
* * * LOW HITPOINT WARNING * * *
You feel sick.
* * * LOW HITPOINT WARNING * * *
You feel sick.
You see here 23 arrows.
a - 50 arrows (gained 23)
* * * LOW HITPOINT WARNING * * *
You feel sick.
* * * LOW HITPOINT WARNING * * *
You feel sick.
You aren't carrying any potions.
Unknown command.
Your transformation has ended.
Your +0 robe unmelds from your body.
Wield which item (- for none, * to show all)? (? for menu, Esc to quit)
d - 5 rations (in hand)
* * * LOW HITPOINT WARNING * * *
You feel sick.
You swing at nothing.
* * * LOW HITPOINT WARNING * * *
You feel sick.
You swing at nothing.
* * * LOW HITPOINT WARNING * * *
You feel sick.
You swing at nothing.
* * * LOW HITPOINT WARNING * * *
You feel sick.
You swing at nothing.
You swing at nothing.
* * * LOW HITPOINT WARNING * * *
You feel sick.
You swing at nothing.
* * * LOW HITPOINT WARNING * * *
You feel sick.
You swing at nothing.
You swing at nothing.
* * * LOW HITPOINT WARNING * * *
You feel sick.
You swing at nothing.
You swing at nothing.
* * * LOW HITPOINT WARNING * * *
You feel sick.
You swing at nothing.
You swing at nothing.
You swing at nothing.
You die...

...........#
...........#
..........##
..........#
###.###.#.###### #
#.#
#......).#####.###
#.#
###.####..........
#.# #.#
#.......... #.#
#.# #..@.......
#.. #.#
##......... ...
#.# #..>...... #.#
#......... ..
#.........
#.........
...###.### ##.. ..


There were no monsters in sight!

Vanquished Creatures
  4 killer bees (D:7)
  An adder (D:3)
  An orc (D:7)
  3 giant cockroaches
  2 goblins
  A hobgoblin (D:3)
  A quokka (D:3)
  4 bats
  A kobold (D:1)
  4 rats
22 creatures vanquished.

Notes
Turn   | Place    | Note
-------+----------+-------------------------------------------
     0 | D:1      | tidbits the Gnoll Transmuter began the quest for the Orb.
     0 | D:1      | Reached XP level 1. HP: 17/17 MP: 6/6
   251 | D:2      | Reached XP level 2. HP: 23/23 MP: 7/7
   281 | D:3      | Learned a level 2 spell: Sticks to Snakes
   468 | D:3      | Reached XP level 3. HP: 28/28 MP: 9/9
   473 | D:3      | Learned a level 3 spell: Spider Form
   589 | D:4      | You fall through a shaft for 3 floors!
   618 | D:7      | Noticed a killer bee
   621 | D:7      | Noticed a killer bee
   621 | D:7      | Noticed a killer bee
   622 | D:7      | Noticed a killer bee
   628 | D:7      | Reached skill level 5 in Spellcasting
   632 | D:7      | Killed a killer bee
   632 | D:7      | Reached skill level 1 in Short Blades
   632 | D:7      | Reached skill level 1 in Long Blades
   632 | D:7      | Reached skill level 1 in Axes
   632 | D:7      | Reached skill level 1 in Maces & Flails
   632 | D:7      | Reached skill level 1 in Polearms
   632 | D:7      | Reached skill level 1 in Staves
   632 | D:7      | Reached skill level 1 in Slings
   632 | D:7      | Reached skill level 1 in Bows
   632 | D:7      | Reached skill level 1 in Crossbows
   632 | D:7      | Reached skill level 1 in Throwing
   632 | D:7      | Reached skill level 1 in Armour
   632 | D:7      | Reached skill level 1 in Stealth
   632 | D:7      | Reached skill level 1 in Shields
   632 | D:7      | Reached skill level 1 in Invocations
   632 | D:7      | Reached skill level 1 in Evocations
   632 | D:7      | Reached XP level 4. HP: 21/34 MP: 11/11
   644 | D:7      | Reached skill level 1 in Conjurations
   644 | D:7      | Reached skill level 1 in Hexes
   644 | D:7      | Reached skill level 1 in Charms
   644 | D:7      | Reached skill level 1 in Summonings
   644 | D:7      | Reached skill level 1 in Necromancy
   644 | D:7      | Reached skill level 1 in Translocations
   644 | D:7      | Reached skill level 1 in Fire Magic
   644 | D:7      | Reached skill level 1 in Ice Magic
   644 | D:7      | Reached skill level 1 in Air Magic
   644 | D:7      | Reached skill level 1 in Earth Magic
   644 | D:7      | Reached skill level 1 in Poison Magic
   648 | D:7      | Reached XP level 5. HP: 18/40 MP: 12/12
   652 | D:7      | Reached skill level 3 in Fighting
   652 | D:7      | Reached skill level 4 in Transmutations
   661 | D:7      | HP: 4/41 [poisoned by a killer bee]
   667 | D:7      | HP: 1/41 [poisoned by a killer bee]
   672 | D:7      | Succumbed to a killer bee's poison

Skill      XL: |  1  2  3  4  5 |
---------------+----------------+-----
Spellcasting   | 5 |  5.2
Short Blades   | 1 |  1.6
Long Blades    | 1 |  1.6
Axes           | 1 |  1.6
Maces & Flails | 1 |  1.6
Polearms       | 1 |  1.6
Staves         | 1 |  1.6
Slings         | 1 |  1.6
Bows           | 1 |  1.6
Crossbows      | 1 |  1.6
Throwing       | 1 |  1.6
Armour         | 1 |  1.6
Stealth        | 1 |  1.6
Shields        | 1 |  1.6
Invocations    | 1 |  1.8
Evocations     | 1 |  1.6
Conjurations   | 1 |  1.2
Hexes          | 1 |  1.2
Charms         | 1 |  1.2
Summonings     | 1 |  1.2
Necromancy     | 1 |  1.2
Translocations | 1 |  1.2
Fire Magic     | 1 |  1.2
Ice Magic      | 1 |  1.2
Air Magic      | 1 |  1.2
Earth Magic    | 1 |  1.2
Poison Magic   | 1 |  1.2
Fighting       | 3 |  3.0
Transmutations | 4 |  4.0
Dodging        | |  4.8
Unarmed Combat | |  6.7

Action                   |  1- 3 |  4- 6 || total
-------------------------+-------+-------++-------
Melee: Unarmed           |    45 |    17 ||    62
       Kick              |     6 |       ||     6
       Bite              |     3 |       ||     3
       Headbutt          |     1 |       ||     1
       Punch             |     1 |       ||     1
 Cast: Beastly Appendage |    12 |       ||    12
       Spider Form       |     2 |     1 ||     3
 Abil: End Transformatio |       |     1 ||     1
  Use: Scroll            |     2 |       ||     2
       Potion            |     1 |     2 ||     3
 Stab: Sleeping          |     1 |       ||     1
  Eat: Ration            |     1 |       ||     1
Armor: Robe              |     6 |     1 ||     7
       Skin              |       |     1 ||     1
Dodge: Dodged            |    29 |    26 ||    55

Table legend:
 A = Turns spent in this place as a percentage of turns spent in the entire game.
 B = Non-inter-level travel turns spent in this place as a percentage of non-inter-level travel turns spent in the entire game.
 C = Inter-level travel turns spent in this place as a percentage of turns spent in this place.
 D = Turns resting spent in this place as a percentage of non-inter-level travel turns spent in this place.
 E = Turns spent auto-exploring this place as a percentage of non-inter-level travel turns spent in this place.
 F = Non-inter-level travel turns spent in this place divided by the number of levels of this place that you've seen.
                   A       B       C       D       E      F
               +-------+-------+-------+-------+-------+----------------------
         Total | 100.0 | 100.0 |   4.9 |   0.0 |   0.0 | 106.5
       Dungeon | 100.0 | 100.0 |   4.9 |   0.0 |   0.0 | 106.5
               +-------+-------+-------+-------+-------+----------------------

Table legend:
 A = Kills in this place as a percentage of kills in entire the game.
 B = Kills by you in this place as a percentage of kills by you in the entire game.
 C = Kills by friends in this place as a percentage of kills by friends in the entire game.
 D = Other kills in this place as a percentage of other kills in the entire game.
 E = Experience gained in this place as a percentage of experience gained in the entire game.
 F = Experience gained in this place divided by the number of levels of this place that you have seen.
                   A       B       C       D       E      F
               +-------+-------+-------+-------+-------+----------------------
         Total | 100.0 | 100.0 |   N/A |   N/A | 100.0 |  46.7
       Dungeon | 100.0 | 100.0 |   N/A |   N/A | 100.0 |  46.7
               +-------+-------+-------+-------+-------+----------------------

Vault maps used:
D:1:      dpeg_arrival_another_circle
D:2:      nicolae_qazlal_general_emergency
D:3:      eino_curves_01
D:4:      xom_teletrap_fun, first_ration, minmay_misc_feat_tower,
          kennysheep_generic_room_13, uniq_sigmund
D:7:      minmay_temple_entry_poolview, basic_altar
D:8:      enter_ossuary_2
